 Dungeon Crawl Stone Soup version 0.30.0-29-ga12c61a403 (webtiles) character file.

Game seed: 9069314699834862029

3530 H0rd4k the Cutter (level 10, -1/74 HPs)
             Began as a Human Artificer on June 12, 2023.
             Was an Initiate of Gozag.
             Killed from afar by an orc wizard (8 damage)
             ... with a magic dart
             ... on level 8 of the Dungeon.
             The game lasted 00:09:26 (7226 turns).

H0rd4k the Cutter (Human Artificer)                 Turns: 7226, Time: 00:09:27

Health: -1/74      AC:  4    Str: 19    XL:     10   Next: 29%
Magic:  10/10      EV: 15    Int: 15    God:    Gozag
Gold:   445        SH:  5    Dex: 17    Spells: 9/9 levels left

rFire   . . .        u - +2 dagger (drain)
rCold   . . .        (no shield)
rNeg    . . .        b - +0 leather armour
rPois   +            (no helmet)
rElec   .            (no cloak)
rCorr   .            i - +0 pair of gloves
SInv    .            (no boots)
Will    .....        v - amulet of reflection
Stlth   +++          t - ring "Ruafeof" {rPois Dex+3 Slay+3}
HPRegen 0.32/turn    e - +6 ring of strength
MPRegen 0.12/turn

%: reflection
@: no status effects
A: no striking features
a: Renounce Religion, Potion Petition, Call Merchant, Bribe Branch


You were on level 8 of the Dungeon.
You worshipped Gozag.
Gozag was aware of your devotion.
You visited 2 branches of the dungeon, and saw 9 of its levels.

You collected 633 gold pieces.
You paid 188 gold pieces to Gozag.

Inventory:

Hand Weapons
 u - a +2 dagger of draining (weapon)
 z - a +2 dagger of speed
Missiles
 q - 2 throwing nets
 C - 6 poisoned darts
Armour
 b - a +0 leather armour (worn)
 i - a +0 pair of gloves (worn)
Magical Staves
 f - a staff of conjuration
 H - a staff of poison
Jewellery
 e - a +6 ring of strength (right hand)
 t - the ring "Ruafeof" (left hand) {rPois Dex+3 Slay+3}
   (You found it on level 3 of the Dungeon)

   [ring of poison resistance]

   Dex:       It affects your dexterity (+3).
   Slay:      It affects your accuracy & damage with ranged weapons and melee
   (+3).
   rPois:     It protects you from poison.
 v - an amulet of reflection (around neck)
Wands
 c - a wand of flame (8) (quivered)
 F - a wand of roots (1)
 I - a wand of paralysis (6)
Scrolls
 g - a scroll of noise {unknown}
 h - 7 scrolls of teleportation {unknown}
 j - 3 scrolls of magic mapping {unknown}
 l - 6 scrolls of identify {unknown}
 p - 3 scrolls of silence {unknown}
 y - 3 scrolls of amnesia {unknown}
 B - a scroll of brand weapon {unknown}
 D - 2 scrolls of immolation {unknown}
 J - a scroll of enchant weapon {unknown}
Potions
 a - a potion of invisibility {unknown}
 d - a potion of cancellation {unknown}
 k - 2 potions of heal wounds {unknown}
 m - a potion of attraction {unknown}
 n - 3 potions of haste {unknown}
 o - 2 potions of lignification {unknown}
 r - a potion of flight {unknown}
 s - a potion of degeneration {unknown}
 w - a potion of berserk rage {unknown}
 x - a potion of brilliance {unknown}
 A - a potion of curing {unknown}
 E - a potion of mutation {unknown}
 G - a potion of might {unknown}


   Skills:
 + Level 5.2 Fighting
 + Level 7.1 Short Blades
 - Level 2.4 Maces & Flails
 - Level 2.0 Armour
 - Level 6.9 Dodging
 + Level 4.9 Stealth
 - Level 4.2 Shields
 + Level 5.5 Evocations


You had 9 spell levels left.
You didn't know any spells.
Your spell library contained the following spells:

 Spells                   Type           Power      Damage    Failure   Level
 Freeze                   Ice            0%         1d3       32%         1
 Scorch                   Fire           0%         2d5       43%         2
 Frozen Ramparts          Ice            0%         1d1       67%         3
 Hailstorm                Conj/Ice       0%         3d3       67%         3
 Fulminant Prism          Conj/Hex       0%         3d5       97%         4
 Blade Hands              Tmut           0%         N/A       100%        5
 Irradiate                Conj/Tmut      0%         3d11      100%        5
 Dragon Form              Tmut           0%         N/A       100%        7


Dungeon Overview and Level Annotations

Branches:
Dungeon (8/15)             Temple (1/1) D:7
   Lair: D:8-11

Altars:
Cheibriados
Dithmenos
Gozag
Hepliaklqana
Kikubaaqudgha
Makhleb
Okawaru
Qazlal
Ru
Uskayaw
Wu Jian
Yredelemnul
Zin

Shops:
D:2 (:***

Annotations:
D:1 1 exclusion
Temple 2 transporters


Message History

The orc wizard points at you and mumbles some strange words.
The magic dart hits you.
The orc wizard gestures at you while chanting.
You are confused.
The gnoll barely misses you.
You bump into the rock wall.
The gnoll hits you with a +0 flail! The gnoll closely misses you.
You bump into the rock wall.
The killer bee barely misses you. The gnoll hits you with a +0 flail.
The killer bee barely misses you.
The orc wizard mumbles some strange words.
The orc wizard flickers and vanishes!
Deactivating autopickup; reactivate with Ctrl-A.
You are too confused!
Unknown command.
The killer bee completely misses you.
You are too confused!
Unknown command.
You are too confused!
Unknown command.
You bump into the rock wall.
The killer bee misses you. The killer bee stings you.
The orc warrior hits you from afar with a +0 glaive!!
You feel less confused. The killer bee misses you. The killer bee misses you.
You miss the killer bee. The killer bee completely misses you.
The killer bee stings you.
The orc warrior hits you from afar with a +0 glaive!
* * * LOW HITPOINT WARNING * * *
Aiming: Paralyse
Press: ? - help, Shift-Dir - straight line, f - killer bee
Aim: a killer bee (chance to affect: 71%)
The killer bee struggles to resist.
You block the killer bee's attack.
The orc warrior hits you from afar with a +0 glaive!
* * * LOW HITPOINT WARNING * * *
A magic dart appears from out of thin air!
The magic dart hits you!
You die...
Your body crumbles into a pile of gold.

#.# ##
########.###### #
#.........#...##
#..............##
#...............##.
#...................
#..................#.
#.......{g...........
...##@###......#...#$
..)##y###g........#
.. #..o.gg.g......#
#..###gg.......# #..#
##y....#..# #.##
##...##..# ..
#.#....# .#.
#.............. ....
#..............


You could see an orc warrior, a killer bee and a gnoll (swift).

Vanquished Creatures
  Pikel (D:6)
  Prince Ribbit (D:8)
  Sigmund (D:6)
  A wyvern (D:8)
  2 steam dragons (D:7)
  Menkaure (D:6)
  2 water moccasins
  2 ice beasts
  2 black bears
  2 sky beasts (D:6)
  2 centaurs
  An ogre (D:6)
  A phantom (D:6)
  2 kobold brigands
  2 bullfrogs (D:7)
  3 scorpions
  A gnoll sergeant (D:6)
  5 killer bees (D:4)
  A howler monkey (D:7)
  4 hounds
  3 jellies
  2 orc priests
  2 iguanas (D:6)
  A sleepcap (D:5)
  8 adders
  7 gnolls
  3 ufetubi
  A worm (D:3)
  4 dart slugs
  16 orcs
  3 ball pythons
  8 bats
  9 endoplasms
  4 giant cockroaches
  6 goblins
  6 hobgoblins
  3 jackals (D:1)
  15 kobolds
  A quokka (D:5)
  6 frilled lizards
  3 rats
148 creatures vanquished.

Vanquished Creatures (collateral kills)
  An ice beast (D:6)
  An ogre (D:6)
2 creatures vanquished.

Vanquished Creatures (others)
  A killer bee (D:4)
  A hound (D:6)
  An orc wizard (D:8)
  An endoplasm (D:1)
  A hobgoblin (D:1)
  A kobold (D:7)
6 creatures vanquished.

Grand Total: 156 creatures vanquished

Notes
Turn   | Place    | Note
-------+----------+-------------------------------------------
     0 | D:1      | H0rd4k the Human Artificer began the quest for the Orb.
     0 | D:1      | Reached XP level 1. HP: 15/15 MP: 1/1
   150 | D:1      | Reached XP level 2. HP: 21/21 MP: 2/2
   285 | D:1      | Reached XP level 3. HP: 8/26 MP: 3/3
   859 | D:1      | Found a faded altar of an unknown god.
   949 | D:2      | Reached skill level 1 in Maces & Flails
  1042 | D:2      | Found Lehosa's Assorted Antiques.
  1129 | D:2      | Reached XP level 4. HP: 29/32 MP: 4/4
  1142 | D:2      | Found Qisoelys's Assorted Antiques.
  1399 | D:2      | Found Siluvvis's Weapon Shop.
  1454 | D:2      | Found Golulywocs's Book Shop.
  1493 | D:2      | Reached XP level 5. HP: 38/38 MP: 5/5
  1515 | D:2      | Found Yjacw's General Store.
  2327 | D:3      | Identified the ring "Ruafeof" {rPois Dex+3 Slay+3}
  3116 | D:4      | Reached XP level 6. HP: 31/44 MP: 6/6
  3118 | D:4      | Reached skill level 1 in Short Blades
  3231 | D:4      | Reached XP level 7. HP: 48/51 MP: 7/7
  3350 | D:4      | Noticed a +0 short sword
  3351 | D:4      | Noticed a +0 short sword
  3352 | D:4      | Noticed a +0 falchion
  3352 | D:4      | Noticed a +0 spear
  3352 | D:4      | Noticed a +0 falchion
  3352 | D:4      | Noticed a +0 dagger
  3353 | D:4      | Noticed a +0 dagger
  3354 | D:4      | Noticed a +0 spear
  3358 | D:4      | Found a hide-covered altar of Uskayaw.
  3438 | D:4      | Reached skill level 2 in Short Blades
  3495 | D:5      | Entered Level 5 of the Dungeon
  3657 | D:5      | Found a glowing silver altar of Zin.
  4039 | D:5      | Noticed a water moccasin
  4066 | D:5      | Reached skill level 1 in Shields
  4132 | D:5      | Found a sand-covered staircase.
  4285 | D:5      | Killed a water moccasin
  4286 | D:5      | Reached skill level 3 in Short Blades
  4509 | D:5      | Reached XP level 8. HP: 57/58 MP: 8/8
  4624 | D:6      | Reached skill level 4 in Short Blades
  4869 | D:6      | Noticed Sigmund
  4885 | D:6      | Killed Sigmund
  4886 | D:6      | Reached skill level 5 in Short Blades
  4971 | D:6      | Found a stormy altar of Qazlal.
  4995 | D:6      | Reached XP level 9. HP: 37/65 MP: 9/9
  5150 | D:6      | Noticed Pikel
  5160 | D:6      | Reached skill level 5 in Dodging
  5179 | D:6      | Killed Pikel
  5350 | D:6      | Noticed Menkaure
  5356 | D:6      | Killed Menkaure
  5357 | D:6      | Reached skill level 6 in Short Blades
  6017 | D:6      | Got Kokhulil's Handbook of the Tropics and Concussion
  6420 | D:7      | Found a staircase to the Ecumenical Temple.
  6492 | Temple   | Entered the Ecumenical Temple
  6492 | Temple   | Found a transporter.
  6492 | Temple   | Found a transporter.
  6494 | Temple   | Found a transporter.
  6494 | Temple   | Found a transporter.
  6518 | Temple   | Became a worshipper of Gozag Ym Sagoz the Greedy
  6563 | D:7      | Found a sacrificial altar of Ru.
  6624 | D:7      | Reached skill level 5 in Evocations
  6836 | D:7      | Reached XP level 10. HP: 73/73 MP: 10/10
  6843 | D:7      | Noticed a two-headed ogre
  6911 | D:7      | Reached skill level 5 in Fighting
  7021 | D:8      | Found a shadowy altar of Dithmenos.
  7040 | D:8      | Noticed Prince Ribbit
  7051 | D:8      | Reached skill level 7 in Short Blades
  7060 | D:8      | Killed Prince Ribbit
  7226 | D:8      | Killed from afar by an orc wizard

Illustrated notes

Levels and vault maps discovered:
D:1:      mrwooster_arrival_statue, layout_basic,
          dilly_ecumenical_altar_fadedgnrine, minmay_surrounded
D:2:      layout_rooms, serial_shops, nicolae_shop_tiny_real_fake_doors,
          nicolae_shop_behind_doors, shop, nicolae_shop_tiny_glass,
          nicolae_shop_crystal, nicolae_eternal_life
D:3:      layout_basic, kennysheep_path_1, grunt_ministairs_15,
          kennysheep_generic_room_9
D:4:      layout_basic, nicolae_uskayaw_en_pointe, kennysheep_another_room
D:5:      layout_loops_ring, zin_academy, chequers_ossuary_entry_cave,
          serial_bayou_crossing
D:6:      minmay_diamond_boxcup, layout_basic, grunt_qazlal_sundering,
          minmay_gold_behind_fungi, uniq_sigmund, uniq_menkaure, uniq_pikel
D:7:      minmay_the_grid_octo_tiled_squarecenter
          [minmay_the_grid_octo_checkerflower, minmay_the_grid_octo_concentric,
          minmay_the_grid_octo_horde, minmay_the_grid_octo_tetromino_candy,
          minmay_the_grid_square_5x5_megaprize_open,
          minmay_the_grid_square_5x5_forky,
          minmay_the_grid_square_5x5_half_checkered,
          minmay_the_grid_square_5x5_corner,
          minmay_the_grid_square_5x5_misaligned], layout_basic,
          lemuel_coloured_pillars_altar, elyvilon_altar_5,
          nicolae_tso_swordbearing_angel, minmay_temple_entry_offerings,
          serial_bayou, serial_bayou_pond_d, serial_bayou_ford_a,
          serial_bayou_lagoon_b
D:8:      layout_rooms, nicolae_dithmenos_through_a_glass_darkly,
          nemelex_altar_shiori, fedhas_altar_1, minivault_10, uniq_maurice,
          uniq_prince_ribbit1
Temple:   hellmonk_temple_divided_pantheon

Skill      XL: |  1  2  3  4  5  6  7  8  9 10 |
---------------+-------------------------------+-----
Maces & Flails | 1 2 |  2.4
Dodging        | 2 3 4 6 |  6.9
Fighting       | 2 3 4 5 |  5.2
Evocations     | 4 5 |  5.5
Short Blades   | 1 3 5 6 7 |  7.1
Stealth        | 2 3 4 |  4.9
Shields        | 1 2 3 4 |  4.2
Armour         | |  2.0

Action                     |  1- 3 |  4- 6 |  7- 9 | 10-12 || total
---------------------------+-------+-------+-------+-------++-------
  Melee: Club              |   226 |    60 |       |       ||   286
         Punch             |     2 |     2 |     7 |       ||    11
         Dagger            |       |    46 |   357 |    58 ||   461
         Flail             |       |    12 |       |       ||    12
  Evoke: Wand              |     7 |     8 |    20 |     8 ||    43
   Stab: Sleeping          |       |     3 |     5 |       ||     8
         Distracted        |       |       |       |     2 ||     2
 Armour: Leather armour    |   110 |    29 |    66 |     9 ||   214
  Dodge: Dodged            |   183 |    59 |   173 |    50 ||   465
  Block: Other             |       |    12 |    63 |    11 ||    86
